Map: Port Aleksander LE

Players

Death - Winner!

  • Race: Zerg Zerg
  • League: Silver
  • Spawn Location: 5:00

Avacel

  • Race: Zerg Zerg
  • League: Silver
  • Spawn Location: 11:00

VOD

Have the link to the VOD?

Description

Time

  • Played on: Dec. 27, 2018, 12:51 a.m.
  • Length: 8:14
Show
View Real Time Build Order
Export as new Build Order

Death Zerg - Winner!

Build Orders: Pool First 

Get SALT Encoding   

  12  0:01  Drone  
  13  0:13  Overlord  
  13  0:25  Drone  
  14  0:31  Drone x2  
  16  0:43  Spawning Pool  
  16  0:48  Extractor  
  16  0:49  Drone  
  15  0:53  Drone  
  16  1:05  Drone  
  17  1:22  Hatchery  
  16  1:33  Roach Warren  
  15  1:42  Drone  
  15  1:43  Drone x2  
  18  2:00  Drone  
  19  2:11  Drone  
  20  2:18  Evolution Chamber, Roach  
  20  2:20  Evolution Chamber  
  20  2:24  Queen  
  22  2:37  Extractor  
  22  2:38  Drone x3  
  24  2:49  Zerg Missile Weapons Level 1  
  24  2:54  Drone x2  
  26  3:01  Roach  
  28  3:12  Overlord  
  28  3:20  Overlord  
  28  3:26  Overlord  
  28  3:30  Queen  
  30  3:38  Roach  
  30  3:39  Roach  
  34  3:49  Zerg Ground Armor Level 1  
  34  3:56  Lair  
  34  4:12  Drone  
  34  4:13  Drone x4  
  39  4:43  Roach x6  
  47  5:26  Roach  
  47  5:27  Roach x3  
  51  5:30  Overlord x4  
  51  5:31  Overlord  
  51  5:35  Zerg Missile Weapons Level 2  
  51  5:36  Glial Reconstitution  
  49  6:13  Roach x4  
  49  6:14  Roach x6  
  69  6:19  Roach  
  69  6:22  Roach  
  73  6:29  Drone x2  
  75  6:43  Drone x6  
  75  6:44  Drone  
  82  7:18  Overseer  
  82  7:26  Pneumatized Carapace  
  82  7:27  Drone  
  82  7:28  Drone x5  
  88  7:44  Hatchery  
Show
View Real Time Build Order
Export as new Build Order

Avacel Zerg 

Build Orders: Pool First 

Get SALT Encoding   

  12  0:05  Drone  
  13  0:13  Overlord  
  13  0:23  Drone  
  14  0:31  Drone x2  
  16  0:50  Spawning Pool  
  16  0:55  Drone x2  
  17  1:08  Drone  
  18  1:16  Extractor  
  17  1:21  Drone x2  
  19  1:32  Hatchery  
  18  1:35  Drone  
  19  1:48  Drone  
  22  1:56  Overlord  
  20  2:04  Zergling x2  
  21  2:17  Zergling x2  
  22  2:27  Zergling x2  
  23  2:39  Roach Warren  
  23  2:41  Lair  
  22  2:47  Queen  
  24  2:55  Zergling x2  
  25  3:01  Zergling x8  
  25  3:03  Metabolic Boost  
  29  3:07  Drone  
  31  3:12  Drone  
  31  3:17  Drone  
  32  3:40  Extractor, Queen  
  33  3:46  Pneumatized Carapace  
  33  3:50  Roach  
  33  3:51  Zergling x2  
  33  3:54  Overlord  
  33  3:55  Overlord x2  
  36  4:13  Roach  
  36  4:14  Roach  
  40  4:19  Drone x4  
  42  5:17  Zergling x4  
  42  5:18  Zergling x8  
  45  5:29  Roach x2  
  49  5:41  Roach x2  
  47  5:53  Roach  
  47  5:54  Roach  
  49  6:02  Hydralisk Den  
  49  6:04  Drone x2  
  50  6:25  Drone  
  51  6:26  Drone x4  
  51  6:32  Hatchery  
  54  6:37  Muscular Augments  
  54  6:40  Glial Reconstitution  
  54  6:42  Drone x4  
  54  6:43  Drone  
  59  6:52  Evolution Chamber x2  
  57  7:08  Baneling Nest  
  51  7:23  Roach x4  
  51  7:28  Overlord x2  
  59  7:37  Drone  
  60  7:45  Extractor  
  60  7:48  Extractor  
  60  7:50  Drone  
  60  7:51  Drone x3  
Tags
 
Add a new tag
Caveats
  • Supply blocks, unpowered buildings, or Contaminate may cause inaccurate times.
  • Supply counts are checked every 10 seconds.